 Dungeon Crawl Stone Soup version 0.18.1-48-g4cf74bf (webtiles) character file.

17 Gargoyl the Skirmisher (level 2, 0/24 HPs)
             Began as a Demonspawn Abyssal Knight on Sept 6, 2016.
             Was an Initiate of Lugonu.
             Slain by a goblin (5 damage)
             ... led by Robin
             ... on level 2 of the Dungeon.
             The game lasted 00:01:19 (944 turns).

Gargoyl the Skirmisher (Demonspawn Abyssal Knight)   Turns: 944, Time: 00:01:20

Health: 0/24       AC:  8    Str: 12    XL:     2   Next: 44%
Magic:  3/3        EV:  0    Int: 13    God:    Lugonu [......]
Gold:   79         SH:  0    Dex: 12    Spells: 0 memorised, 1 level left

rFire  . . .     SeeInvis .     a - +1 hand axe
rCold  . . .     Gourm    .     e - +0 chain mail
rNeg   . . .     Faith    .     (no shield)
rPois  .         Spirit   .     (no helmet)
rElec  .         Dismiss  .     (no cloak)
rCorr  .         Reflect  .     (no gloves)
SustAt .         Harm     .     (no boots)
MR     .....                    (no amulet)
Stlth  ..........               (no ring)
                                (no ring)

@: not resistant to hostile enchantments, extremely unstealthy
A: rot immunity
a: Renounce Religion


You were on level 2 of the Dungeon.
You worshipped Lugonu.
Lugonu was noncommittal.
You were not hungry.

You visited 1 branch of the dungeon, and saw 2 of its levels.
You visited the Abyss 1 time.

You collected 79 gold pieces.

Inventory:

Hand Weapons
 a - a +1 hand axe (weapon)
Armour
 e - a +0 chain mail (worn)
Scrolls
 b - 4 scrolls of magic mapping {unknown}
 f - 2 scrolls of identify {unknown}
 h - a scroll of remove curse {unknown}
Potions
 d - a potion of flight {unknown}
 j - a potion of cure mutation {unknown}
 k - a potion of lignification {unknown}
 l - a potion of invisibility {unknown}
 m - a potion of curing
 n - a potion of ambrosia {unknown}
Comestibles
 c - 2 bread rations
 g - 2 fruits
 i - a beef jerky


   Skills:
 + Level 3.5 Fighting
 + Level 1.7 Axes
 * Level 2.2 Armour
 + Level 0.8 Dodging
 + Level 2.4 Invocations


You had one spell level left.
You didn't know any spells.

Dungeon Overview and Level Annotations

Branches:
Dungeon (2/15)

Altars:

Annotations:
D:2 Robin


Innate Abilities, Weirdness & Mutations

You are immune to rotting.


Message History

You kill the hobgoblin!
Lugonu accepts your kill.
You hit the goblin.
You kill the goblin!
Lugonu accepts your kill. The goblin hits you.
* * * LOW HITPOINT WARNING * * *
The goblin hits you.
* * * LOW HITPOINT WARNING * * *
The goblin hits you but does no damage. The goblin barely misses you.
Drink which item? (? for menu, Esc to quit)
It was a potion of curing.
You feel better. The goblin hits you but does no damage. The goblin hits you.
The goblin hits you but does no damage. The goblin hits you.
The goblin hits you.
* * * LOW HITPOINT WARNING * * *
The goblin hits you but does no damage. x2
The rat bites you but does no damage. The goblin hits you but does no damage.
The goblin hits you.
You die...

####### .......
.......### #
......gg. .#
......gg#..###.
.....gg@g......
.....gggr...###
###+###......#
#......#
#......#
#......#
#......#
##.....#


You could see Robin, a hobgoblin, 8 goblins and a rat.

Vanquished Creatures
  A dart slug (D:1)
  A giant gecko (D:1)
  3 goblins
  3 hobgoblins
  2 jackals (D:1)
  A kobold (D:1)
  A rat (D:1)
12 creatures vanquished.

Notes
Turn   | Place    | Note
--------------------------------------------------------------
     0 | Abyss:1  | Gargoyl the Demonspawn Abyssal Knight began the quest for the Orb.
     0 | Abyss:1  | Reached XP level 1. HP: 18/18 MP: 2/2
    64 | Abyss:1  | Found a corrupted altar of Lugonu.
    67 | Abyss:2  | Found a corrupted altar of Lugonu.
    79 | Abyss:2  | Found a corrupted altar of Lugonu.
    96 | Abyss:2  | Noticed a shadow demon
    97 | Abyss:2  | Noticed a chaos spawn
   100 | Abyss:2  | Noticed an iron imp
   103 | Abyss:2  | Noticed a chaos spawn
   103 | D:1      | Escaped the Abyss
   522 | D:1      | Gained mutation: You are immune to rotting. [demonic ancestry]
   522 | D:1      | Reached XP level 2. HP: 16/24 MP: 3/3
   938 | D:2      | Noticed Robin
   944 | D:2      | Slain by a goblin

Skill      XL: |  1  2 |
---------------+-------+-----
Armour         | 2 |  2.2
Fighting       | |  3.5
Axes           | |  1.7
Dodging        | |  0.8
Invocations    | |  2.4

Action                   || total
-------------------------++-------
Melee: Hand axe          ||    44
Invok: Depart the Abyss  ||     1
  Use: Potion            ||     1
Armor: Chain mail        ||    45
Dodge: Dodged            ||     8
